 Dungeon Crawl Stone Soup version 0.25-a0-576-g50b708a4c4 (webtiles) character file.

Game seed: 7281998004514693681, levelgen mode: classic

7695 EnegeticOcto the Cleaver (level 11, -1/103 HPs)
             Began as a Deep Dwarf Fighter on Mar 1, 2020.
             Was a Priest of Makhleb.
             Slain by Erolcha
             ... wielding a +7 giant club
              (15 damage)
             ... on level 10 of the Dungeon.
             The game lasted 00:04:18 (4819 turns).

EnegeticOcto the Cleaver (Deep Dwarf Fighter)       Turns: 4819, Time: 00:04:18

Health: -1/103     AC: 20    Str: 24    XL:     11   Next: 0%
Magic:  10/10      EV:  8    Int:  8    God:    Makhleb [***...]
Gold:   356        SH: 11    Dex: 12    Spells: 10/10 levels left

rFire    . . .     SeeInvis .   a - +3 war axe
rCold    . . .     Gourm    .   c - +0 kite shield
rNeg     . . .     Faith    .   w - +0 plate armour
rPois    .         Spirit   .   p - +1 helmet
rElec    .         Reflect  .   (no cloak)
rCorr    .         Harm     .   (no gloves)
MR       +....                  (no boots)
Stlth    ..........             (no amulet)
HPRegen  0.00/turn              h - +2 ring of slaying
MPRegen  0.12/turn              l - +5 ring of protection {=R}

@: lethally poisoned (-1 -> -1), non-regenerating
A: damage resistance, heal wounds, sense surroundings 2, no regeneration
a: Heal Wounds, Minor Destruction, Lesser Servant of Makhleb, Renounce Religion


You were on level 10 of the Dungeon.
You worshipped Makhleb.
Makhleb was most pleased with you.
You were not hungry.

You visited 2 branches of the dungeon, and saw 11 of its levels.

You collected 356 gold pieces.

Inventory:

Hand Weapons
 a - a +3 war axe (weapon)
Armour
 c - a +0 kite shield (worn)
 p - a +1 helmet (worn)
 r - +0 swamp dragon scales
 w - a +0 plate armour (worn)
Jewellery
 h - a +2 ring of slaying (left hand)
 l - a +5 ring of protection (right hand) {=R}
Wands
 y - a wand of clouds (4)
 D - a wand of flame (18)
 E - a wand of iceblast (9)
Scrolls
 d - 3 scrolls of remove curse {@r6}
 f - 7 scrolls of teleportation {@r2}
 g - 2 scrolls of identify {@r1}
 i - a scroll of enchant armour
 v - 2 scrolls of fog
Potions
 j - 3 potions of lignification {@q7}
 k - 2 potions of might {@q3}
 n - a potion of haste {@q4}
 s - 2 potions of magic
 x - 2 potions of flight
 z - a potion of mutation
 A - a potion of heal wounds {@q2}
 B - 3 potions of berserk rage
Comestibles
 b - 10 chunks of flesh
 e - 20 rations


   Skills:
 * Level 8.1 Fighting
 * Level 9.2 Axes
 + Level 7.2 Armour
 - Level 6.1 Dodging
 + Level 7.2 Shields
 * Level 9.2 Invocations


You had 10 spell levels left.
You didn't know any spells.
Your spell library was empty.

Dungeon Overview and Level Annotations

Branches:
Dungeon (10/15)            Temple (1/1) D:6             Orc (0/2) D:10
   Lair: D:8-11

Altars:
Ashenzari
Cheibriados
Dithmenos
Fedhas
Gozag
Hepliaklqana
Kikubaaqudgha
Makhleb
Nemelex Xobeh
Okawaru
Qazlal
Ru
Sif Muna
Trog
Vehumet
Wu Jian
Xom
Yredelemnul
Zin
The Shining One

Shops:
D:4 %   D:10 ?

Annotations:
D:10 Erolcha


Innate Abilities, Weirdness & Mutations

You are resistant to damage.
You can heal yourself by infusing magical energy.
You passively map the area around you.
You do not regenerate.


Message History

A killer bee is nearby!
The killer bee buzzes angrily.
You hear an angry buzzing noise. 2 killer bees come into view.
The killer bee buzzes angrily. x2
You block the killer bee's attack. The killer bee stings you.
You are poisoned.
The killer bee poisons you!
You miss the killer bee. You block the killer bee's attack.
The killer bee barely misses you.
You closely miss the killer bee. You block the killer bee's attack.
The killer bee stings you but does no damage. x2
You closely miss the killer bee. You hit the killer bee.
The killer bee stings you but does no damage.
You block the killer bee's attack. x2
You hit the killer bee.
The killer bee is moderately wounded.
You hit the killer bee.
The killer bee stings you but does no damage.
You block the killer bee's attack. x2
The killer bee stings you but does no damage.
You slash the killer bee!
You kill the killer bee!
Makhleb accepts your kill.
You miss the killer bee. You block the killer bee's attack. x2
You hit the killer bee.
The killer bee is heavily wounded.
You slash the killer bee! You block the killer bee's attack. x2
The killer bee stings you.
You are more poisoned.
The killer bee poisons you!
The killer bee stings you but does no damage.
You closely miss the killer bee.
The killer bee is heavily wounded.
You miss the killer bee.
The killer bee stings you but does no damage. x2
You block the killer bee's attack.
The killer bee stings you but does no damage.
The killer bee stings you.
You closely miss the killer bee.
The killer bee is heavily wounded.
You slash the killer bee! You block the killer bee's attack.
The killer bee stings you but does no damage.
You block the killer bee's attack. The killer bee closely misses you.
The killer bee stings you but does no damage.
You slash the killer bee!
You kill the killer bee!
Makhleb accepts your kill.
You feel better.
You miss the killer bee.
The killer bee stings you but does no damage.
Erolcha the Cunning comes into view.
She is wielding a +7 giant club and wearing a +0 robe of magic resistance.
You block the killer bee's attack.
You miss the killer bee.
The killer bee is heavily wounded.
Erolcha shouts!
The killer bee barely misses you. x2
Erolcha gestures wildly while chanting.
Erolcha flickers and vanishes!
Deactivating autopickup; reactivate with Ctrl-A.
You slash the killer bee!
You kill the killer bee!
Makhleb accepts your kill.
You have reached level 11!
Found a coral ring and a ruby potion.
You see here a killer bee corpse.
No target in view!
No target in view!
No target in view!
No target in view!
No target in view!
No target in view!
No target in view!
No target in view!
You swing at nothing.
Something hits you but does no damage. x2
You hit something but do no damage. Something hits you!
You block something's attack.
You slash something! Something hits you.
You hear some strange, mumbled words.
A bolt of lightning appears from out of thin air!
The bolt of lightning misses you.
Some of the chunks of flesh in your inventory have rotted away.
You slash something! Something hits you but does no damage.
Something hits you!!
You closely miss something. Something hits you but does no damage.
You completely miss something. Something hits you.
You hear some strange, mumbled words.
A stone arrow appears from out of thin air!
The stone arrow hits you!
* * * LOW HITPOINT WARNING * * *
You barely miss something. Something hits you but does no damage.
Something hits you!
* * * LOW HITPOINT WARNING * * *
You hit something but do no damage.
You hear some strange, mumbled words.
A stone arrow appears from out of thin air!
You block the stone arrow. You block something's attack.
You barely miss something. You hit something but do no damage.
Something hits you.
* * * LOW HITPOINT WARNING * * *
Something hits you but does no damage. Something hits you!
You die...

,
#....######....#............
.... ####.....)............
* **#.
#......##............. *
?....##....###..####..... ,
* , ...# *##...# ##..
##..... ,, , .# ##..#
#..,#...... ,, ** #...##,
,........ , , , .,
#*##....#.#* ........ ,
=...#.#†@...%.# #....... ,
,,.......†##.#..#* #.......
,, ........####...#*........
,, ...####.#* .#..##.####..
, .. * ... *#.... #..# , , *
...* ..., ##.# , ,, #...., ,
... , ,, #.... * * ,, #... >
!....., * ... ...


There were no monsters in sight!

Vanquished Creatures
  Erica (D:10)
  A two-headed ogre (D:9)
  Nergalle (D:10)
  A centaur zombie (D:10)
  Joseph (D:7)
  Maggie (D:6)
  4 trolls
  A hippogriff (D:8)
  2 hungry ghosts
  3 ice beasts
  4 orc warriors
  3 black bears
  A necrophage (D:6)
  A sky beast (D:5)
  A phantom (D:4)
  4 ogres
  A centaur (D:9)
  A big kobold (D:7)
  A bullfrog (D:9)
  A scorpion (D:5)
  A wyvern skeleton (D:10)
  7 killer bees
  A howler monkey (D:9)
  A quasit (D:10)
  5 crimson imps
  A bullfrog zombie (D:7)
  4 hounds
  6 orc priests
  2 bullfrog skeletons
  A centaur skeleton (D:5)
  2 jellies
  4 iguanas
  9 orc wizards
  9 worker ants
  A hound zombie (D:5)
  A hound skeleton (D:7)
  A howler monkey zombie (D:7)
  8 gnolls
  2 howler monkey skeletons
  8 adders
  A shadow imp (D:6)
  3 oozes
  2 adder skeletons
  2 worms
  5 leopard geckos
  24 orcs
  3 giant cockroaches
  A goblin (D:2)
  2 hobgoblins (D:1)
  7 jackals
  9 kobolds
  3 quokkas
  4 bats
  2 frilled lizards
  A quokka skeleton (D:7)
  5 rats
182 creatures vanquished.

Vanquished Creatures (others)
  A centaur (D:10)
  2 killer bees (D:10)
  A hound zombie (D:10)
4 creatures vanquished.

Grand Total: 186 creatures vanquished

Notes
Turn   | Place    | Note
-------+----------+-------------------------------------------
     0 | D:1      | EnegeticOcto the Deep Dwarf Fighter began the quest for the
                  | Orb.
     0 | D:1      | Reached XP level 1. HP: 20/20 MP: 1/1
   121 | D:1      | Reached XP level 2. HP: 25/27 MP: 2/2
   256 | D:2      | Found an opulent altar of Gozag.
   257 | D:2      | Reached XP level 3. HP: 23/34 MP: 3/3
   340 | D:4      | Noticed a phantom
   353 | D:4      | Killed a phantom
   353 | D:4      | Reached skill level 1 in Dodging
   353 | D:4      | Reached XP level 4. HP: 32/42 MP: 4/4
   365 | D:4      | Reached XP level 5. HP: 37/49 MP: 5/5
   446 | D:4      | Found a sacrificial altar of Ru.
   702 | D:4      | Found Widinn's Food Boutique.
   832 | D:5      | Entered Level 5 of the Dungeon
   871 | D:5      | Reached XP level 6. HP: 43/57 MP: 5/5
   889 | D:5      | Noticed an ice beast
   902 | D:5      | Killed an ice beast
   911 | D:5      | Found a sacrificial altar of Ru.
   956 | D:5      | Found a shimmering altar of Xom.
   958 | D:5      | Noticed a sky beast
   968 | D:5      | Killed a sky beast
   995 | D:5      | Found a stormy altar of Qazlal.
  1293 | D:5      | Reached XP level 7. HP: 34/66 MP: 6/6
  1932 | D:6      | Found a staircase to the Ecumenical Temple.
  1944 | Temple   | Entered the Ecumenical Temple
  2010 | Temple   | Became a worshipper of Makhleb the Destroyer
  2136 | D:6      | Noticed Maggie
  2159 | D:6      | Reached skill level 5 in Axes
  2162 | D:6      | Reached skill level 1 in Invocations
  2178 | D:6      | Killed Maggie
  2178 | D:6      | Reached skill level 5 in Fighting
  2178 | D:6      | Reached XP level 8. HP: 49/74 MP: 4/6
  2182 | D:6      | Reached skill level 5 in Armour
  2182 | D:6      | Reached skill level 5 in Shields
  2409 | D:6      | Found a bloodstained altar of Trog.
  2488 | D:6      | Found an iron altar of Okawaru.
  2561 | D:6      | Reached * piety under Makhleb
  2669 | D:6      | Found a shimmering altar of Xom.
  2835 | D:7      | Reached skill level 5 in Invocations
  2840 | D:7      | Gained mutation: You passively map the area around you.
                  | [Deep Dwarf growth]
  2840 | D:7      | Reached XP level 9. HP: 49/82 MP: 9/9
  2904 | D:7      | Noticed Joseph
  2936 | D:7      | Killed Joseph
  3035 | D:7      | Found a glowing silver altar of Zin.
  3206 | D:7      | Reached ** piety under Makhleb
  3786 | D:8      | Found a shattered altar of Ashenzari.
  3791 | D:8      | Saw a vision of the Swamp and the Spider Nest.
  3791 | D:8      | Noticed a wolf spider
  3885 | D:8      | Found a radiant altar of Vehumet.
  3986 | D:9      | Noticed a troll
  3988 | D:9      | Noticed a troll
  4000 | D:8      | Killed a troll
  4000 | D:8      | Reached skill level 5 in Dodging
  4019 | D:9      | Killed a troll
  4052 | D:9      | Reached XP level 10. HP: 94/94 MP: 10/10
  4117 | D:9      | Found an ornate altar of the Wu Jian Council.
  4182 | D:9      | Found a shimmering blue altar of Sif Muna.
  4184 | D:9      | Noticed a two-headed ogre
  4201 | D:9      | Killed a two-headed ogre
  4494 | D:10     | Entered Level 10 of the Dungeon
  4498 | D:10     | Noticed Erica
  4508 | D:10     | Killed Erica
  4578 | D:10     | Noticed Nergalle
  4597 | D:10     | Killed Nergalle
  4597 | D:10     | Reached *** piety under Makhleb
  4740 | D:10     | Found Reunigg's Magic Scroll Shoppe.
  4806 | D:10     | Noticed Erolcha
  4808 | D:10     | Reached XP level 11. HP: 57/103 MP: 10/10
  4819 | D:10     | Slain by Erolcha

Levels and vault maps discovered:
D:1:      wheals_arrival_linesprint, layout_rooms, minmay_tall_x
D:2:      layout_loops_ring, ashenzari_conservatory_becter,
          lemuel_coloured_pillars_altar, first_ration
D:3:      layout_basic, elyvilon_altar_4, overflow_temple_1_default,
          serial_glass, glass_columns_a, glass_columns_a, glass_columns_a,
          glass_columns_b, glass_columns_a, glass_columns_b, glass_columns_a,
          glass_columns_a, glass_columns_a, glass_columns_c, minmay_vboxes,
          uniq_ijyb, uniq_natasha
D:4:      layout_rooms, serial_shops, nicolae_shop_behind_doors,
          nicolae_ru_awakened_eye
D:5:      layout_layer_cave, nicolae_overflow_crystal_walls,
          grunt_temple_overflow_open
D:6:      layout_gridville, overflow_temple_1_default,
          minmay_temple_entry_statues_fountains, basic_altar,
          trog_three_pillars_becter, uniq_maggie
D:7:      minmay_general_purpose_star, layout_basic, zin_academy, uniq_joseph
D:8:      layout_loops_ring, fiery_altar_vehumet, grunt_pizzeria,
          grunt_ashenzari_visionary [grunt_ashenzari_visionary_swamp,
          grunt_ashenzari_visionary_spider]
D:9:      layout_big_octagon, lemuel_crystal_altar, overflow_temple_1_default,
          nooodl_food_tri
D:10:     kennysheep_kobold_lugonu_temple, layout_cave_pools, serial_shops,
          shop_scrolls, basic_altar, lemuel_flamethrower_2, uniq_erolcha,
          uniq_nergalle, uniq_erica
Temple:   compressed_dpeg_circular_temple

Skill      XL: |  1  2  3  4  5  6  7  8  9 10 |
---------------+-------------------------------+-----
Fighting       | 3 4 5 6 7 8 |  8.1
Axes           | 3 4 5 6 7 9 |  9.2
Dodging        | 1 2 3 4 5 6 |  6.1
Shields        | 4 5 6 7 |  7.2
Armour         | 4 5 6 7 |  7.2
Invocations    | 2 5 7 9 |  9.2

Action                   |  1- 3 |  4- 6 |  7- 9 | 10-12 || total
-------------------------+-------+-------+-------+-------++-------
Melee: War axe           |    51 |    88 |   385 |   164 ||   688
 Abil: Heal Wounds       |     1 |     3 |    22 |    10 ||    36
Evoke: Wand              |       |       |       |     1 ||     1
  Use: Scroll            |       |       |       |    19 ||    19
 Stab: Confused          |       |       |       |     1 ||     1
  Eat: Chunk             |       |     1 |     9 |     3 ||    13
       Ration            |       |       |     5 |       ||     5
Armor: Scale mail        |    17 |    48 |    25 |       ||    90
       Plate armour      |       |       |   157 |   112 ||   269
       Swamp dragon scal |       |       |    13 |       ||    13
Dodge: Dodged            |    16 |    40 |   140 |    59 ||   255
Block: Kite shield       |    20 |    43 |   257 |   124 ||   444

Table legend:
 A = Non-vault XP
 B = Vault XP
 C = Vault XP percentage of total XP
 D = Non-vault monster count
 E = Vault monster count
 F = Vault count percentage of total count
                 A         B        C        D         E       F
            +---------+---------+-------+---------+---------+-------
      Total |    7928 |    3066 |  27.9 |     172 |      10 |   5.5
            +---------+---------+-------+---------+---------+-------
        D:1 |      14 |       0 |   0.0 |      10 |       0 |   0.0
        D:2 |      28 |       0 |   0.0 |       8 |       0 |   0.0
        D:3 |       4 |       0 |   0.0 |       3 |       0 |   0.0
        D:4 |     313 |       0 |   0.0 |      14 |       0 |   0.0
        D:5 |     410 |       0 |   0.0 |      12 |       0 |   0.0
        D:6 |    1129 |     376 |  25.0 |      37 |       1 |   2.6
        D:7 |    1168 |     519 |  30.8 |      34 |       4 |  10.5
        D:8 |    1073 |     130 |  10.8 |       9 |       1 |  10.0
        D:9 |    2339 |     322 |  12.1 |      22 |       2 |   8.3
       D:10 |    1450 |    1719 |  54.2 |      23 |       2 |   8.0
            +---------+---------+-------+---------+---------+-------
